 Dungeon Crawl Stone Soup version 0.27.1-4-g1640c2035a (webtiles) character file.

Game seed: 6937211562346732222

4005 zeram the Slinger (level 10, -3/46 HPs)
             Began as a Spriggan Hunter on Nov 15, 2021.
             Was an Initiate of Gozag.
             Slain by a hornet (14 damage)
             ... on level 8 of the Dungeon.
             The game lasted 00:23:08 (7279 turns).

zeram the Slinger (Spriggan Hunter)                 Turns: 7279, Time: 00:23:09

Health: -3/46      AC:  3    Str:  8    XL:     10   Next: 3%
Magic:  21/21      EV: 19    Int: 17    God:    Gozag
Gold:   858        SH:  0    Dex: 15    Spells: 18/23 levels left

rFire    + . .     SeeInvis +   a - +4 hunting sling (vorpal)
rCold    . . .     Faith    .   (shield restricted)
rNeg     . . .     Spirit   .   k - +1 robe {rF+}
rPois    .         Reflect  .   (helmet restricted)
rElec    .         Harm     .   (no cloak)
rCorr    .         Rampage  .   (gloves unavailable)
Will     +....                  (boots unavailable)
Stlth    ++........             h - amulet of regeneration
HPRegen  1.15/turn              (no ring)
MPRegen  0.17/turn              (no ring)

@: lethally poisoned (-3 -> -6), hasted and slowed, very quick
A: very small, no large weapons, unfitting armour, see invisible, speed 3
a: Renounce Religion, Potion Petition, Call Merchant, Bribe Branch


You were on level 8 of the Dungeon.
You worshipped Gozag.
Gozag was pleased with you.
You visited 2 branches of the dungeon, and saw 9 of its levels.

You collected 911 gold pieces.
You paid 53 gold pieces to Gozag.

Inventory:

Hand Weapons
 a - a +4 vorpal hunting sling (weapon)
 b - a +0 short sword
Missiles
 l - 95 stones (quivered ammo)
 q - 31 sling bullets
Armour
 c - a +0 robe
 k - a +1 robe of fire resistance (worn)
Jewellery
 h - an amulet of regeneration (around neck)
Wands
 d - a wand of flame (23)
 o - a wand of charming (2)
Scrolls
 u - a scroll of enchant armour
Potions
 f - 3 potions of curing
 g - a potion of haste
 i - a potion of flight
 j - a potion of ambrosia {unknown}
 m - a potion of mutation
 n - 2 potions of berserk rage
 p - 2 potions of attraction
 r - a potion of magic {unknown}
 s - a potion of heal wounds
 t - a potion of lignification {unknown}


   Skills:
 - Level 1.5 Fighting
 + Level 14.7 Slings
 + Level 5.4 Dodging
 - Level 3.5 Stealth
 * Level 7.2 Spellcasting


You had 18 spell levels left.
You knew the following spells:

 Your Spells              Type           Power      Damage    Failure   Level
a - Vampiric Draining     Necr           3%         2d6       34%         3
b - Passwall              Tmut/Erth      5%         N/A       17%         2

Your spell library contained the following spells:

 Spells                   Type           Power      Damage    Failure   Level
 Animate Skeleton         Necr           12%        N/A       12%         1
 Pain                     Necr           24%        1d5       12%         1
 Ensorcelled Hibernation  Hex/Ice        12%        N/A       17%         2
 Slow                     Hex            6%         N/A       17%         2
 Confusing Touch          Hex            6%         N/A       34%         3
 Spider Form              Tmut/Pois      3%         N/A       34%         3
 Swiftness                Air            6%         N/A       34%         3
 Invisibility             Hex            3%         N/A       100%        6
 Shadow Creatures         Summ           N/A        N/A       100%        6


Dungeon Overview and Level Annotations

Branches:
Dungeon (8/15)             Temple (1/1) D:4
   Lair: D:8-11

Altars:
Ashenzari
Dithmenos
Elyvilon
Fedhas
Gozag
Hepliaklqana
Kikubaaqudgha
Makhleb
Nemelex Xobeh
Okawaru
Qazlal
Sif Muna
Trog
Uskayaw
Vehumet
Wu Jian
Xom
Zin
The Shining One


Innate Abilities, Weirdness & Mutations

You are very small and have problems with some larger weapons.
You are too small for most types of armour.
You have supernaturally acute eyesight. (SInv)
You cover ground extremely quickly. (Speed+++)


Message History

The hornet misses you. The hornet misses you. The hornet misses you.
You feel yourself speed up.
There is an open door here.
You shoot a stone. The stone hits the hornet.
The hornet is heavily wounded.
You shoot a stone. The stone hits the hornet.
The hornet is severely wounded.
The hornet stings you.
You suddenly lose the ability to move!
The hornet barely misses you.
The hornet stings you but does no damage.
The hornet stings you!
You are poisoned.
You feel yourself slow down.
You feel very sick. The hornet stings you!
You are more poisoned.
You feel as though you will be slow longer.
You can move again.
You feel yourself speed up.
You feel extremely sick. The hornet completely misses you.
The hornet misses you. The hornet barely misses you.
Aiming: Throw Flame
Press: ? - help, Shift-Dir - straight line, f/p - hornet
Aim: a hornet (heavily wounded, 52% to hit)
The puff of flame misses the hornet.
You feel very sick. The hornet barely misses you.
Unknown command.
Aiming: Throw Flame
Press: ? - help, Shift-Dir - straight line, f/p - hornet
Aim: a hornet (heavily wounded, 52% to hit)
The puff of flame hits the hornet.
The hornet is severely wounded.
You feel very sick. The hornet stings you!
You die...
Your body crumbles into a pile of gold.

<.......... .........###
..(........# ...((.......
....(...###
..........###############
..........8##.#.#.#.#.#_#
..........###'#'#'#'#'#'#
...........'..(y@.......#
..........###'#'#'#'#'#'#
....#.....8##.#)#.#.#.#.#
#####.....###############
######.. ... ... ..


You could see a hornet.

Vanquished Creatures
  Pikel (D:4)
  Grinder (D:6)
  Eustachio (D:5)
  A wyvern (D:8)
  4 water moccasins
  An ice beast (D:6)
  A black bear (D:7)
  A hornet zombie (D:8)
  An ogre (D:5)
  3 centaurs
  6 necrophages
  A phantom (D:6)
  3 bullfrogs
  A wyvern zombie (D:8)
  A water moccasin zombie (D:6)
  A scorpion (D:5)
  A wight (D:8)
  A crimson imp (D:7)
  2 bullfrog zombies (D:5)
  3 centaur zombies
  4 hounds
  A human zombie (D:8)
  2 jellies
  2 gnoll shamans
  5 orc priests
  2 centaur skeletons
  A bullfrog skeleton (D:6)
  Ijyb (D:4)
  An iguana (D:5)
  A mummy (D:8)
  A howler monkey skeleton (D:4)
  A howler monkey zombie (D:8)
  11 gnolls
  8 adders
  A white imp (D:6)
  An adder skeleton (D:5)
  3 worms (D:2)
  A dart slug (D:2)
  11 orcs
  8 bats
  8 endoplasms
  2 giant cockroaches (D:1)
  3 goblins
  12 hobgoblins
  9 jackals
  4 quokkas
  4 ball pythons
  A frilled lizard (D:1)
  8 kobolds
  4 rats
  A spectral hobgoblin (D:7)
157 creatures vanquished.

Vanquished Creatures (others)
  A plant (D:8)
1 creature vanquished.

Grand Total: 158 creatures vanquished

Notes
Turn   | Place    | Note
-------+----------+-------------------------------------------
     0 | D:1      | zeram the Spriggan Hunter began the quest for the Orb.
     0 | D:1      | Reached XP level 1. HP: 10/10 MP: 2/2
    48 | D:1      | Reached skill level 5 in Slings
    87 | D:1      | Reached XP level 2. HP: 14/14 MP: 3/3
   887 | D:2      | Reached skill level 6 in Slings
   893 | D:2      | Reached XP level 3. HP: 18/18 MP: 4/4
  1330 | D:2      | Reached skill level 7 in Slings
  1330 | D:2      | Reached XP level 4. HP: 18/22 MP: 5/5
  1725 | D:3      | Found a faded altar of an unknown god.
  1863 | D:3      | Reached XP level 5. HP: 25/25 MP: 6/6
  2067 | D:3      | Reached skill level 8 in Slings
  2126 | D:3      | Learned a level 3 spell: Vampiric Draining
  2627 | D:4      | Noticed Ijyb
  2636 | D:4      | Killed Ijyb
  2861 | D:4      | Reached XP level 6. HP: 30/30 MP: 6/8
  2875 | D:4      | Reached skill level 1 in Spellcasting
  2957 | D:4      | Reached skill level 9 in Slings
  2979 | D:4      | Found a staircase to the Ecumenical Temple.
  2989 | Temple   | Entered the Ecumenical Temple
  3052 | Temple   | Became a worshipper of Gozag Ym Sagoz the Greedy
  3436 | D:5      | Entered Level 5 of the Dungeon
  3546 | D:5      | Identified the +1 ring mail of Inkesed {Dex+8 Slay+2}
  3565 | D:5      | Reached XP level 7. HP: 33/33 MP: 9/11
  3686 | D:5      | Reached skill level 10 in Slings
  3746 | D:5      | Noticed Eustachio
  3788 | D:5      | Killed Eustachio
  3842 | D:5      | Noticed Pikel
  3950 | D:4      | Killed Pikel
  3951 | D:4      | Reached skill level 11 in Slings
  3951 | D:4      | Reached XP level 8. HP: 37/37 MP: 12/15
  4131 | D:5      | Reached skill level 12 in Slings
  4596 | D:5      | Learned a level 2 spell: Passwall
  4737 | D:6      | Reached skill level 5 in Spellcasting
  4852 | D:6      | Noticed Grinder
  4863 | D:6      | Killed Grinder
  4879 | D:6      | Reached XP level 9. HP: 37/41 MP: 18/18
  5095 | D:6      | Reached skill level 13 in Slings
  6222 | D:7      | Found a burning altar of Makhleb.
  6594 | D:7      | Found a hazy altar of Hepliaklqana.
  6919 | D:8      | Reached skill level 14 in Slings
  6920 | D:8      | Paralysed by a hornet for 2 turns
  7026 | D:8      | Reached skill level 5 in Dodging
  7049 | D:8      | Found an ancient bone altar of Kikubaaqudgha.
  7195 | D:8      | Reached XP level 10. HP: 46/46 MP: 21/21
  7254 | D:8      | Paralysed by a hornet for 2 turns
  7273 | D:8      | Paralysed by a hornet for 3 turns
  7279 | D:8      | Slain by a hornet

Illustrated notes

Levels and vault maps discovered:
D:1:      nagdon_arrival_zigzag_paths, layout_loops_ring,
          corexii_hall_statues_deadend, minmay_indecisive_spiral
D:2:      layout_basic, chequers_serial_rivers_micro_b, minmay_surrounded
D:3:      layout_loops_corners, ebering_ecumenical_altar_petrified, st_stairs_13
D:4:      layout_basic, minmay_temple_entry_hall, uniq_ijyb
D:5:      layout_loops_ring, uniq_eustachio, uniq_pikel
D:6:      layout_layer_cave, kb_lookout_dungeons_type, uniq_grinder
D:7:      layout_loops_ring, nicolae_hepliaklqana_monster_ancestors,
          makhleb_grotto_becter, dk_rats_in_the_wall
D:8:      layout_rooms, lemuel_mausoleum_altar_kikubaaqudgha,
          mainiacjoe_overflow_catch_the_wave, david_lair_generic,
          gammafunk_ghost_cemetery, uniq_grum
Temple:   nicolae_temple_x_marks_the_god

Skill      XL: |  1  2  3  4  5  6  7  8  9 |
---------------+----------------------------+-----
Slings         | 5 6 7 8 9 11 12 14 | 14.7
Stealth        | 2 3 |  3.5
Dodging        | 3 4 5 |  5.4
Spellcasting   | 2 4 5 7 |  7.2
Fighting       | |  1.5

Action                   |  1- 3 |  4- 6 |  7- 9 | 10-12 || total
-------------------------+-------+-------+-------+-------++-------
 Fire: Hunting sling     |    97 |   167 |   488 |    23 ||   775
Evoke: Wand              |       |       |     4 |     2 ||     6
  Use: Scroll            |       |    11 |     7 |       ||    18
       Potion            |       |       |     1 |     1 ||     2
Armor: Robe              |     2 |       |     5 |     2 ||     9
Dodge: Dodged            |    22 |    18 |   114 |    13 ||   167
